Match 42187111
Unlisted

Match 42187111
End
Construct Infanterie Kompanie
Selects Terror Battlegroup
Selects Terror Battlegroup
Selects Machine Gun Camouflage
MG 42 Machine Gun Team
MG 42 Machine Gun Team
Grenadier Squad
Construct Luftwaffe Kompanie
Jäger Squad
Jäger Squad
Support Elements
Wirbelwind Flakpanzer
Medical Station
Luftwaffe Officer Quarters
Pioneer Squad
Side Skirts
Selects Contempt for the Weak
Selects Propaganda Leaflet Drop
Wirbelwind Flakpanzer
Jäger Squad
Pioneer Squad
Selects V1 Rocket Strike
Jäger Squad
XDNTMFITM
The King In Yellow
Lt.Fox
Unsafe
Glendizzle
CircuitArmTechy
Xazax
Five
0
0

Comments sign in to comment!

No comments posted yet!